 Dungeon Crawl Stone Soup version 0.17.0-24-gcfadda4 (webtiles) character file.

499 oplop the Changer (level 7, -3/48 HPs)
             Began as an Octopode Transmuter on Nov 16, 2015.
             Killed from afar by an orc wizard (6 damage)
             ... with a puff of flame
             ... on level 5 of the Dungeon.
             The game lasted 00:08:10 (4491 turns).

oplop the Changer (Octopode Transmuter)             Turns: 4491, Time: 00:08:12

Health: -3/48      AC:  2    Str: 11    XL:     7   Next: 16%
Magic:  10/13      EV: 20    Int: 15    God:
Gold:   251        SH:  0    Dex: 18    Spells: 4 memorised, 4 levels left

rFire  . . .     SeeInvis .       - Unarmed
rCold  . . .     Clarity  .     (shield currently unavailable)
rNeg   + + .     SustAt   .     (helmet currently unavailable)
rPois  x         Gourm    .     i - amulet of warding
rElec  .         Spirit   .     s - ring of positive energy
rCorr  .         Warding  +     (no ring)
rMut   .         Stasis   .     (no ring)
MR     .....                    (no ring)
Stlth  ++........               (no ring)
                                (no ring)
                                (no ring)
                                (no ring)

@: spider-form (expiring), not resistant to hostile enchantments, unstealthy
A: almost no armour, amphibious, 8 rings, (constrict 8), (camouflage 0),
(gelatinous body 0)
a: End Transformation


You were on level 5 of the Dungeon.
You were not hungry.
You were a venomous arachnid creature.
You visited 2 branches of the dungeon, and saw 6 of its levels.

You collected 251 gold pieces.

Inventory:

Hand Weapons
 g - a +0 dagger of freezing (melded)
Missiles
 a - 25 arrows
Jewellery
 i - an amulet of warding (around neck)
 s - a ring of positive energy (left front leg)
 v - an uncursed amulet of guardian spirit {unknown}
 y - an uncursed ring of protection from cold {unknown}
Wands
 j - a wand of frost (23)
Scrolls
 c - a scroll of recharging {unknown}
 e - 2 scrolls of remove curse {unknown}
 h - 2 scrolls of random uselessness {unknown}
 n - 2 scrolls of noise {unknown}
 o - a scroll of blinking {unknown}
 p - a scroll of magic mapping {unknown}
 w - a scroll of identify {unknown}
 x - a scroll of fog {unknown}
Potions
 d - 2 potions of poison {unknown}
 k - a potion of curing {unknown}
 l - a potion of magic {unknown}
 q - a potion of heal wounds
 r - a potion of brilliance
 u - a potion of agility {unknown}
 z - a potion of flight
Books
 b - a book of Changes

   Spells                             Type                      Level
   a - Beastly Appendage              Transmutation                1
   b - Sticks to Snakes               Transmutation                2
   c - Spider Form                    Transmutation/Poison         3
   d - Ice Form                       Ice/Transmutation            4
   e - Blade Hands                    Transmutation                5
 t - a book of Cantrips

   Spells                             Type                      Level
   a - Corona                         Hexes                        1
   b - Animate Skeleton               Necromancy                   1
   c - Summon Small Mammal            Summoning                    1
   d - Apportation                    Translocation                1
Comestibles
 m - 3 bread rations


   Skills:
 + Level 4.0 Fighting
 - Level 2.0 Dodging
 - Level 3.0 Unarmed Combat
 + Level 4.0 Spellcasting
 + Level 4.2 Transmutations
 + Level 2.7 Poison Magic


You had 4 spell levels left.
You knew the following spells:

 Your Spells              Type           Power        Failure   Level  Hunger
a - Beastly Appendage     Trmt           ###...       12%         1    None
b - Sticks to Snakes      Trmt           ###.......   17%         2    ##.....
c - Spider Form           Trmt/Pois      ##........   32%         3    ###....
d - Ice Form              Ice/Trmt       #.......     91%         4    ####...


Dungeon Overview and Level Annotations

Branches:
Dungeon (5/15)             Temple (1/1) D:4

Altars:
Ashenzari
Cheibriados
Dithmenos
Elyvilon
Fedhas
Gozag
Kikubaaqudgha
Makhleb
Nemelex Xobeh
Okawaru
Qazlal
Ru
Trog
Vehumet
Xom
Yredelemnul
Zin
The Shining One

Annotations:
D:2 Crazy Yiuf, Natasha
D:4 Menkaure


Innate Abilities, Weirdness & Mutations

You cannot wear most types of armour.
You are amphibious.
You can wear up to eight rings at the same time.
((You can use your tentacles to constrict eight enemies at once.))
((Your skin changes colour to match your surroundings (Stealth).))
((Your rubbery body absorbs attacks (AC +1).))


Message History

You hear some strange, mumbled words.
A magic dart appears from out of thin air!
The magic dart hits you!
* * * LOW HITPOINT WARNING * * *
You hear some strange, mumbled words.
A puff of flame appears from out of thin air!
The puff of flame hits you!
* * * LOW HITPOINT WARNING * * *
Reactivating autopickup.
Your Spellcasting skill increases to level 4!
You feel a bit more experienced. Something barely misses you.
Things that are here:
a trident; a tomahawk; an orc skeleton Your transformation is almost over.
An orc opens the door.
You hear some strange, mumbled words.
A puff of flame appears from out of thin air!
Deactivating autopickup; reactivate with Ctrl-A.
The puff of flame hits you!
You die...

##.....## ###'####
o. #......# #'#
#......##..##..
##.....#.......
#..##....)o.......
#..........#o......
#...##...).##..##..
#.. ####s###..# #
#...(..# .#
#......# .#
#....(## #
#...>.##. ####
#.........
#(..##.........
#..............#
##.............#


You could see 2 orcs.

Vanquished Creatures
  Sigmund (D:2)
  An ogre (D:4)
  2 orc wizards
  Natasha (D:2)
  A worker ant (D:4)
  2 adders
  5 gnolls
  2 oozes
  A worm (D:2)
  A giant gecko (D:4)
  4 orcs
  3 giant cockroaches
  9 goblins
  9 hobgoblins
  10 jackals (D:2)
  2 quokkas
  10 bats
  A giant gecko zombie (D:5)
  2 giant newts
  7 kobolds
  8 rats
82 creatures vanquished.

Notes
Turn   | Place    | Note
--------------------------------------------------------------
     0 | D:1      | oplop the Octopode Transmuter began the quest for the Orb.
     0 | D:1      | Reached XP level 1. HP: 13/13 MP: 3/3
   152 | D:1      | Reached XP level 2. HP: 4/18 MP: 3/5
   732 | D:1      | Reached XP level 3. HP: 1/24 MP: 3/6
  1746 | D:2      | Noticed Natasha
  1750 | D:2      | Killed Natasha
  1750 | D:2      | Reached XP level 4. HP: 20/30 MP: 6/8
  1950 | D:2      | Noticed Natasha
  2256 | D:2      | Noticed Sigmund
  2521 | D:2      | Reached XP level 5. HP: 36/36 MP: 7/9
  2751 | D:2      | Learned a level 2 spell: Sticks to Snakes
  2755 | D:2      | Learned a level 3 spell: Spider Form
  2810 | D:2      | Killed Sigmund
  2810 | D:2      | Reached skill level 1 in Poison Magic
  2810 | D:2      | Reached XP level 6. HP: 25/42 MP: 7/11
  3112 | D:2      | Found a faded altar to an unknown god.
  3173 | D:2      | Noticed Crazy Yiuf
  3769 | D:3      | Learned a level 4 spell: Ice Form
  3841 | D:4      | Found a staircase to the Ecumenical Temple.
  3850 | D:4      | Noticed Menkaure
  3860 | Temple   | Entered the Ecumenical Temple
  4020 | D:4      | Reached skill level 4 in Transmutations
  4020 | D:4      | Reached XP level 7. HP: 47/47 MP: 9/12
  4412 | D:5      | Entered Level 5 of the Dungeon
  4489 | D:5      | HP: 2/48 [something/puff of flame (8)]
  4491 | D:5      | Killed from afar by an orc wizard

Action                   |  1- 3 |  4- 6 |  7- 9 || total
-------------------------+-------+-------+-------++-------
Melee: Unarmed           |     8 |    20 |    15 ||    43
       Dagger            |    58 |    95 |    14 ||   167
 Cast: Beastly Appendage |    16 |    25 |     5 ||    46
       Spider Form       |       |     3 |     2 ||     5
  Use: Scroll            |     1 |       |       ||     1
       Potion            |       |     6 |       ||     6
 Stab: Sleeping          |     2 |     3 |     2 ||     7
  Eat: Bread ration      |     1 |       |       ||     1
       Chunk             |       |     5 |     1 ||     6
       Beef jerky        |       |       |     1 ||     1
